 Dungeon Sprint DCSS version 0.19.4-9-g45fd643 (webtiles) character file.

6750 equalderp2856 the Eviscerator (level 10, 0/51 HPs)
             Began as a Felid Fighter on Feb 19, 2017.
             Was an Initiate of Gozag.
             Succumbed to an emperor scorpion's poison
             ... in the Dungeon (Sprint VII: "The Pits") on Feb 20, 2017.
             The game lasted 00:17:20 (4350 turns).

equalderp2856 the Eviscerator (Felid Fighter)       Turns: 4350, Time: 00:17:20

Health: 0/51       AC:  5    Str: 13    XL:     10   Next: 75%
Magic:  11/11      EV: 31    Int: 14    God:    Gozag
Gold:   3659       SH:  0    Dex: 17    Spells: 0 memorised, 9 levels left
                                        Lives:  0   Deaths: 3

rFire  . . .     SeeInvis +       - Unarmed
rCold  . . .     Gourm    .     (armour unavailable)
rNeg   . . .     Faith    .     (shield unavailable)
rPois  .         Spirit   .     (helmet unavailable)
rElec  .         Reflect  .     (cloak unavailable)
rCorr  .         Harm     .     (gloves unavailable)
MR     +....     NoTele   +     (boots unavailable)
Stlth  +++++++...               (no amulet)
                                n - +3 ring of protection
                                m - +3 ring of intelligence

@: lethally poisoned (0 -> -10), exhausted, gold aura, slowed, bribing [the
Dungeon], slow
A: no armour, no weapons or thrown items, stealth, claws 1, fangs 3, see
invisible, carnivore 3, speed 1, shaggy fur 2, slow metabolism 1, sharp paws
a: Potion Petition, Call Merchant, Bribe Branch, Renounce Religion


You were in the Dungeon.
You worshipped Gozag.
Gozag was most pleased with you.
You were not hungry.

You visited 1 branch You collected 6659 gold pieces.
You paid 3000 gold pieces to Gozag.

Inventory:

Missiles
 c - 25 bolts
Jewellery
 h - an uncursed ring of positive energy
 m - a +3 ring of intelligence (left paw)
 n - a +3 ring of protection (right paw)
Wands
 r - a wand of polymorph (9/24)
Scrolls
 j - 6 scrolls of remove curse
 k - 5 scrolls of amnesia
 l - a scroll of summoning
Potions
 a - 2 potions of might
 e - a potion of haste
 f - 4 potions of magic
 g - 5 potions of berserk rage
 i - 2 potions of invisibility
 o - 2 potions of brilliance
 p - a potion of resistance
 q - a potion of agility
Comestibles
 b - 7 meat rations
 d - a beef jerky


   Skills:
 + Level 10.7 Fighting
 + Level 15.6 Dodging
 + Level 15.4 Stealth
 + Level 23.4 Unarmed Combat


You had 9 spell levels left.
You didn't know any spells.

Dungeon Overview and Level Annotations

Branches:
Dungeon (1/1)

Altars:
Ashenzari
Cheibriados
Dithmenos
Elyvilon
Fedhas
Gozag
Hepliaklqana
Kikubaaqudgha
Makhleb
Nemelex Xobeh
Okawaru
Qazlal
Ru
Sif Muna
Trog
Uskayaw
Vehumet
Xom
Yredelemnul
Zin
The Shining One
Beogh
Jiyva
Lugonu


Innate Abilities, Weirdness & Mutations

You cannot wear armour.
You are incapable of wielding weapons or throwing items.
Your paws allow you to move quietly. (Stealth)
You have sharp claws.
You have razor-sharp teeth.
You have supernaturally acute eyesight. (SInv)
You are carnivorous and can eat meat at any time.
You cover ground quickly.
You are covered in thick fur. (AC +2)
You have a slow metabolism.
Your sharp claws are effective at attacking unaware monsters.


Message History

You feel yourself moving faster!
You feel mighty!
* * * LOW HITPOINT WARNING * * *
You feel sick.
You feel a strong urge to attack something.
* * * LOW HITPOINT WARNING * * *
You feel sick.
You feel your anger subside.
* * * LOW HITPOINT WARNING * * *
You feel sick.
The door flies open with a bang!
You are no longer berserk.
You are exhausted.
You feel yourself slow down.
Found a scroll of fog and a potion of agility.
* * * LOW HITPOINT WARNING * * *
You feel sick.
Found five items.
There is an open door here.
You die...
Your body crumbles into a pile of gold.

.4.. C... #### ####
########## ...###
?!?!?!?@?# .....##
!?!#####'# ......##
####.....##
.......###.........#
.......##..........##
##......#...........#
.##.s...#...........#
..##...$#+..........#
#..+.....#$......$.##


There were no monsters in sight!

Vanquished Creatures
  Gastronok (D)
  An emperor scorpion (D)
  A great orb of eyes (D)
  An alligator snapping turtle (D)
  An alligator (D)
  3 fire crabs (D)
  A shadow wraith (D)
  A spriggan druid (D)
  A deep troll (D)
  A swamp dragon (D)
  A flayed ghost (D)
  A deep elf mage (D)
  2 orc sorcerers (D)
  A black mamba (D)
  A spiny frog (D)
  4 yaktaurs (D)
  A rime drake (D)
  An efreet (D)
  A hellwing (D)
  A red devil (D)
  A jumping spider (D)
  2 hornets (D)
  Grinder (D)
  6 slime creatures (D)
  7 dream sheep (D)
  6 redbacks (D)
  A wyvern (D)
  A fire bat (D)
  3 vampire mosquitoes (D)
  2 wargs (D)
  6 insubstantial wisps (D)
  A soldier ant (D)
  A porcupine (D)
  An eye of draining (D)
  2 floating eyes (D)
  An ice beast (D)
  A black bear (D)
  An ogre (D)
  An orc warrior (D)
  A necrophage (D)
  4 wolves (D)
  A crocodile (D)
  5 wights (D)
  2 river rats (D)
  A white imp (D)
  An ufetubus (D)
  An ooze (D)
  2 orcs (D)
  A ball python (D)
  2 bats (D)
  4 frilled lizards (D)
  A jackal skeleton (D)
  A kobold (D)
98 creatures vanquished.

Vanquished Creatures (collateral kills)
  A basilisk (D)
1 creature vanquished.

Vanquished Creatures (others)
  A hellwing (D)
  A goblin (D)
2 creatures vanquished.

Grand Total: 101 creatures vanquished

Notes
Turn   | Place    | Note
-------+----------+-------------------------------------------
     0 | D        | equalderp2856 the Felid Fighter began the quest for the Orb.
     0 | D        | Reached XP level 1. HP: 10/10 MP: 2/2
    11 | D        | Noticed a floating eye
    15 | D        | Killed a floating eye
    15 | D        | Reached skill level 1 in Stealth
    15 | D        | Reached skill level 7 in Unarmed Combat
    15 | D        | Reached XP level 2. HP: 15/15 MP: 3/3
    15 | D        | Reached XP level 3. HP: 19/19 MP: 4/4
    15 | D        | Reached XP level 4. HP: 22/22 MP: 5/5
    43 | D        | Found a radiant altar of Vehumet.
    43 | D        | Found a hide-covered altar of Uskayaw.
    43 | D        | Found an ancient bone altar of Kikubaaqudgha.
    43 | D        | Found a viscous altar of Jiyva.
    43 | D        | Found a hazy altar of Hepliaklqana.
    44 | D        | Found a bloodstained altar of Trog.
    44 | D        | Found a deep blue altar of Sif Muna.
    44 | D        | Found a sacrificial altar of Ru.
    44 | D        | Found a stormy altar of Qazlal.
    44 | D        | Found an iron altar of Okawaru.
    44 | D        | Found a sparkling altar of Nemelex Xobeh.
    44 | D        | Found an opulent altar of Gozag.
    44 | D        | Found a blossoming altar of Fedhas.
    44 | D        | Found a white marble altar of Elyvilon.
    44 | D        | Found a shadowy altar of Dithmenos.
    44 | D        | Found a snail-covered altar of Cheibriados.
    45 | D        | Found a glowing golden altar of the Shining One.
    45 | D        | Found a glowing silver altar of Zin.
    47 | D        | Found a roughly hewn altar of Beogh.
    47 | D        | Found a burning altar of Makhleb.
    47 | D        | Found a basalt altar of Yredelemnul.
    48 | D        | Found a shattered altar of Ashenzari.
    48 | D        | Found a corrupted altar of Lugonu.
    48 | D        | Found a shimmering altar of Xom.
    50 | D        | Became a worshipper of Gozag Ym Sagoz the Greedy
    70 | D        | Noticed a floating eye
    72 | D        | Killed a floating eye
    72 | D        | Reached skill level 5 in Fighting
    72 | D        | Reached skill level 9 in Unarmed Combat
    72 | D        | Reached XP level 5. HP: 27/27 MP: 6/6
   162 | D        | Noticed a black bear
   162 | D        | Noticed a warg
   163 | D        | Noticed a necrophage
   163 | D        | Noticed an ogre
   164 | D        | Noticed a wolf
   180 | D        | Killed a necrophage
   180 | D        | Reached skill level 10 in Unarmed Combat
   180 | D        | Gained mutation: You are covered in thick fur. (AC +2) [Felid growth]
   180 | D        | Reached XP level 6. HP: 24/31 MP: 7/7
   190 | D        | Reached skill level 11 in Unarmed Combat
   204 | D        | Killed a warg
   235 | D        | Reached skill level 5 in Stealth
   235 | D        | Reached skill level 12 in Unarmed Combat
   235 | D        | Reached XP level 7. HP: 28/36 MP: 8/8
   275 | D        | Reached skill level 10 in Dodging
   426 | D        | Noticed a black mamba
   428 | D        | Killed a black mamba
   428 | D        | Reached skill level 13 in Unarmed Combat
   435 | D        | Reached XP level 8. HP: 40/40 MP: 9/9
   628 | D        | Noticed a shadow wraith
   628 | D        | Noticed a dream sheep
   628 | D        | Noticed a dream sheep
   628 | D        | Noticed a dream sheep
   628 | D        | Noticed a dream sheep
   628 | D        | Noticed a dream sheep
   628 | D        | Noticed a dream sheep
   629 | D        | Noticed a dream sheep
   654 | D        | Mangled by a wight
   655 | D        | Reached XP level 7. HP: -10/37 MP: 8/8
   697 | D        | Killed a dream sheep
   697 | D        | Reached skill level 14 in Unarmed Combat
   705 | D        | Killed a dream sheep
   705 | D        | Reached XP level 8. HP: 29/42 MP: 9/9
   713 | D        | Killed a dream sheep
   716 | D        | Killed a dream sheep
   719 | D        | Killed a dream sheep
   719 | D        | Reached skill level 15 in Unarmed Combat
   724 | D        | HP: 1/42 [dream sheep (22)]
   727 | D        | Killed a dream sheep
   727 | D        | Reached skill level 10 in Stealth
   729 | D        | Killed a dream sheep
   729 | D        | Reached XP level 9. HP: 24/46 MP: 10/10
   945 | D        | Killed a shadow wraith
   945 | D        | Reached skill level 16 in Unarmed Combat
  1070 | D        | Noticed a swamp dragon
  1145 | D        | Killed a swamp dragon
  1171 | D        | HP: 2/46 [poison (poison gas)]
  1179 | D        | HP: 1/46 [poison (poison gas)]
  1489 | D        | Noticed an efreet
  1494 | D        | Killed an efreet
  1494 | D        | Reached skill level 10 in Fighting
  1510 | D        | Reached skill level 17 in Unarmed Combat
  1584 | D        | Reached XP level 10. HP: 51/51 MP: 11/11
  1868 | D        | Noticed a deep elf mage
  1880 | D        | Killed a deep elf mage
  1880 | D        | Reached skill level 18 in Unarmed Combat
  2027 | D        | Noticed a great orb of eyes
  2028 | D        | Paralysed by a great orb of eyes for 3 turns
  2044 | D        | Killed a great orb of eyes
  2097 | D        | Noticed a flayed ghost
  2102 | D        | Noticed an alligator snapping turtle
  2108 | D        | Killed a flayed ghost
  2108 | D        | Reached skill level 19 in Unarmed Combat
  2128 | D        | Noticed Gastronok
  2130 | D        | Killed an alligator snapping turtle
  2158 | D        | Killed Gastronok
  2158 | D        | Reached skill level 20 in Unarmed Combat
  2158 | D        | Reached XP level 11. HP: 53/55 MP: 12/12
  2239 | D        | Noticed an alligator snapping turtle
  2266 | D        | Noticed an orc sorcerer
  2317 | D        | Killed an orc sorcerer
  2356 | D        | Reached skill level 21 in Unarmed Combat
  2623 | D        | Noticed a spriggan druid
  2623 | D        | Noticed Grinder
  2623 | D        | Noticed a fire crab
  2623 | D        | Noticed an orc sorcerer
  2990 | D        | Noticed a deep troll
  2999 | D        | Killed Grinder
  3013 | D        | Killed an orc sorcerer
  3030 | D        | Noticed an alligator
  3036 | D        | Noticed a dire elephant
  3040 | D        | Reached skill level 15 in Stealth
  3051 | D        | Noticed a swamp dragon
  3051 | D        | Noticed an emperor scorpion
  3086 | D        | Reached skill level 22 in Unarmed Combat
  3153 | D        | Noticed a fire crab
  3160 | D        | Killed a fire crab
  3174 | D        | Engulfed by a fire crab's flame
  3175 | D        | Reached XP level 10. HP: -5/51 MP: 11/11
  3188 | D        | Killed a fire crab
  3188 | D        | Reached skill level 15 in Dodging
  3214 | D        | Reached XP level 11. HP: 45/55 MP: 12/12
  3221 | D        | Killed a spriggan druid
  3260 | D        | Killed an alligator
  3296 | D        | Killed a deep troll
  3296 | D        | Reached skill level 23 in Unarmed Combat
  3414 | D        | Noticed a fire crab
  4312 | D        | HP: 2/55 [poisoned by an emperor scorpion]
  4315 | D        | Succumbed to an emperor scorpion's poison
  4316 | D        | Reached XP level 10. HP: 0/51 MP: 11/11
  4330 | D        | Killed a fire crab
  4338 | D        | Killed an emperor scorpion
  4346 | D        | HP: 3/76 [poisoned by an emperor scorpion]
  4349 | D        | HP: 1/51 [poisoned by an emperor scorpion]
  4350 | D        | Succumbed to an emperor scorpion's poison

Skill      XL: |  1  2  3  4  5  6  7  8  9 10 11 |
---------------+----------------------------------+-----
Fighting       | 4 5 6 7 8 9 10 | 10.7
Dodging        | 6 7 8 9 11 12 13 15 14 | 15.6
Stealth        | 1 2 3 5 9 10 11 13 15 | 15.4
Unarmed Combat | 7 9 10 12 14 15 17 20 23 | 23.4

Action                   |  1- 3 |  4- 6 |  7- 9 | 10-12 || total
-------------------------+-------+-------+-------+-------++-------
Melee: Unarmed           |     2 |    43 |   104 |   251 ||   400
       Punch             |       |     2 |     7 |    23 ||    32
       Bite              |       |     4 |    10 |    22 ||    36
Invok: Bribe Branch      |       |       |       |     1 ||     1
  Use: Potion            |       |     3 |     6 |     6 ||    15
       Scroll            |       |       |       |     1 ||     1
 Stab: Sleeping          |     1 |     3 |     4 |     3 ||    11
       Distracted        |       |       |       |     1 ||     1
  Eat: Meat ration       |       |       |       |     1 ||     1
Armor: Skin              |       |     1 |     3 |     8 ||    12
Dodge: Dodged            |       |    42 |    78 |   229 ||   349
